 Dungeon Crawl Stone Soup version 0.30-a0-972-gf3ab3527aa (webtiles) character file.

Game seed: 8569057908950918200

28032 NinjaNoafa the Thaumaturge (level 13, -5/108 HPs)
             Began as a Grey Draconian Conjurer on Mar 31, 2023.
             Was a High Priest of Vehumet.
             Slain by an alligator (19 damage)
             ... on level 4 of the Lair of Beasts.
             The game lasted 00:27:42 (11872 turns).

NinjaNoafa the Thaumaturge (DrCj)                  Turns: 11872, Time: 00:27:43

Health: -5/108     AC: 20    Str: 10    XL:     13   Next: 7%
Magic:  3/29       EV: 20    Int: 23    God:    Vehumet [*****.]
Gold:   1512       SH:  0    Dex: 13    Spells: 11/36 levels left

rFire   . . .      SeeInvis .    a - staff of earth "Jophi" {rElec Will+ Dex+3}
rCold   . . .      Faith    +    (no shield)
rNeg    . . .      Spirit   .    (body armour unavailable)
rPois   .          Reflect  .    (helmet restricted)
rElec   +          Rampage  .    v - scarf {+Inv}
rCorr   .                        s - +2 pair of gloves
Will    +....                    (no boots)
Stlth   ++                       w - amulet of faith
HPRegen 0.38/turn                E - +4 ring of protection
MPRegen 0.21/turn                y - +5 ring of evasion

@: about to teleport
A: AC +13, amphibious, unfitting armour, cold-blooded
a: Renounce Religion, Evoke Invisibility


You were on level 4 of the Lair of Beasts.
You worshipped Vehumet.
Vehumet was extremely pleased with you.
You visited 3 branches of the dungeon, and saw 16 of its levels.
You also visited: Bailey.

You collected 1512 gold pieces.

Inventory:

Hand Weapons
 b - the +10 long sword "Wacaexe" {venom, rF+ rC+ MP+9}
   (You acquired it on level 10 of the Dungeon)

   rF:        It protects you from fire.
   rC:        It protects you from cold.
   MP:        It affects your magic capacity (+9).
Missiles
 t - 67 poisoned darts
 u - 2 atropa-tipped darts
 F - 3 boomerangs of dispersal
 I - 4 silver javelins
 J - 5 curare-tipped darts
 K - 5 throwing nets
 L - 8 javelins
 Q - 3 boomerangs
Armour
 s - a +2 pair of gloves (worn)
 v - a scarf of invisibility (worn)
Magical Staves
 a - the staff of earth "Jophi" (weapon) {rElec Will+ Dex+3}
   (You acquired it in a bailey)

   [staff of earth]

   Base accuracy: +5 Base damage: 5 Base attack delay: 1.2 This weapon's minimum
   attack delay (0.6) is reached at skill level 12.
   Dex:       It affects your dexterity (+3).
   rElec:     It insulates you from electricity.
   Will:      It increases your willpower.
   It falls into the 'Staves' category.
   It is a one-handed weapon.
 V - a staff of air
Jewellery
 e - a ring of positive energy
 h - a ring of see invisible
 w - an amulet of faith (around neck)
 y - a +5 ring of evasion (right hand)
 E - a +4 ring of protection (left hand)
 O - an amulet of reflection
 P - a ring of ice
 W - a ring of resist corrosion
 X - a ring of wizardry
Wands
 n - a wand of flame (30)
 B - a wand of paralysis (20)
 G - a wand of digging (13)
 M - a wand of iceblast (3)
 U - a wand of polymorph (4)
Scrolls
 f - 2 scrolls of vulnerability
 g - 3 scrolls of teleportation
 i - 9 scrolls of enchant weapon
 m - 5 scrolls of fear
 q - a scroll of magic mapping
 r - 2 scrolls of poison {unknown}
 z - 4 scrolls of amnesia
 A - 4 scrolls of enchant armour
 H - 3 scrolls of blinking {unknown}
 S - 3 scrolls of immolation {unknown}
Potions
 c - 4 potions of curing
 d - 5 potions of heal wounds
 j - 5 potions of haste
 k - 4 potions of brilliance {unknown}
 l - 3 potions of degeneration
 o - 2 potions of magic
 p - 5 potions of might
 x - 4 potions of mutation {unknown}
 C - 2 potions of flight {unknown}
 D - 2 potions of invisibility {unknown}
 N - a potion of cancellation {unknown}
 R - a potion of ambrosia {unknown}
 T - 2 potions of lignification {unknown}


   Skills:
 - Level 8.7 Fighting
 - Level 7.5 Dodging
 - Level 1.7 Stealth
 - Level 12.0 Spellcasting
 + Level 8.1 Conjurations
 - Level 9.0 Translocations
 - Level 5.0 Transmutations
 - Level 7.0 Earth Magic
 - Level 5.0 Evocations


You had 11 spell levels left.
You knew the following spells:

 Your Spells              Type           Power      Damage    Failure   Level
a - Magic Dart            Conj           100%       1d8       1%          1
b - Searing Ray           Conj           100%       2d8       1%          2
c - Stone Arrow           Conj/Erth      100%       3d13      1%          3
d - Passwall              Tmut/Erth      48%        N/A       1%          2
e - Blink                 Tloc           100%       N/A       1%          2
f - Passage of Golubria   Tloc           53%        N/A       1%          4
g - Orb of Destruction    Conj           25%        9d9       32%         7
i - Iskenderun's Mystic   Conj/Tloc      52%        2d11      1%          4

Your spell library contained the following spells:

 Spells                   Type           Power      Damage    Failure   Level
 Apportation              Tloc           100%       N/A       1%          1
 Sandblast                Erth           100%       2d20      1%          1
 Sting                    Tmut/Pois      100%       1d8       1%          1
 Lesser Beckoning         Tloc           100%       N/A       1%          2
 Momentum Strike          Conj/Tloc      100%       3d10      1%          2
 Poisonous Vapours        Pois/Air       26%        N/A       1%          2
 Dazzling Flash           Conj/Hex       64%        N/A       1%          3
 Manifold Assault         Tloc           53%        N/A       1%          4
 Portal Projectile        Hex/Tloc       68%        N/A       2%          3
 Fulminant Prism          Conj/Hex       16%        3d10      2%          4
 Olgreb's Toxic Radiance  Pois           13%        N/A       12%         4
 Yara's Violent Unravell  Hex/Tmut       12%        3d7       12%         5
 Ozocubu's Armour         Ice            13%        N/A       14%         3
 Tukima's Dance           Hex            13%        N/A       14%         3
 Blade Hands              Tmut           18%        N/A       16%         5
 Borgnjor's Vile Clutch   Necr/Erth      22%        N/A       30%         5
 Animate Dead             Necr           13%        N/A       41%         4
 Alistair's Intoxication  Tmut/Pois      16%        N/A       41%         5
 Metabolic Englaciation   Hex/Ice        6%         N/A       77%         5
 Death Channel            Necr           6%         N/A       100%        6
 Simulacrum               Ice/Necr       6%         N/A       100%        6
 Storm Form               Tmut/Air       12%        N/A       100%        7


Dungeon Overview and Level Annotations

Branches:
Dungeon (11/15)            Temple (1/1) D:4            Lair (4/5) D:9
 Shoals (0/4) Lair:2        Snake (0/4) Lair:3          Orc (0/2) D:10
 Bailey (visited)
  Slime: Lair:4-5

Altars:
Ashenzari
Cheibriados
Dithmenos
Elyvilon
Fedhas
Gozag
Hepliaklqana
Kikubaaqudgha
Makhleb
Nemelex Xobeh
Okawaru
Qazlal
Ru
Sif Muna
Trog
Uskayaw
Vehumet
Wu Jian
Xom
Yredelemnul
Zin
The Shining One

Annotations:
D:11 Nergalle


Innate Abilities, Weirdness & Mutations

Your dull iron-grey scales are very hard. (AC +13)
You are amphibious.
You cannot fit into any form of body armour.
You are cold-blooded and may be slowed by cold attacks.


Message History

The alligator is heavily wounded.
The alligator closely misses you. The alligator tail-slaps you!
The alligator barely misses you. The alligator misses you.
A nearby plant withers and dies.
A tyrant leech comes into view.
You closely miss the alligator.
The alligator is heavily wounded.
A nearby plant withers and dies.
The alligator bites you but does no damage.
The alligator barely misses you. x2; The alligator misses you.
The alligator misses you. x2
The alligator bites you but does no damage.
The alligator tail-slaps you! The alligator bites you!!
* * * LOW HITPOINT WARNING * * *
The alligator misses you. The alligator completely misses you.
The alligator tail-slaps you but does no damage.
The alligator barely misses you. The alligator completely misses you.
The alligator attacks as you move away! The alligator completely misses you.
The alligator closely misses you. The alligator bites you.
* * * LOW HITPOINT WARNING * * *
The alligator tail-slaps you but does no damage.
As you read the scroll of teleportation, it crumbles to dust.
You feel strangely unstable.
The alligator bites you but does no damage.
The alligator completely misses you. The alligator bites you.
* * * LOW HITPOINT WARNING * * *
The alligator completely misses you.
The alligator bites you but does no damage.
The alligator tail-slaps you.
* * * LOW HITPOINT WARNING * * *
The alligator bites you!
* * * LOW HITPOINT WARNING * * *
The alligator closely misses you. The alligator attacks as you move away!
The alligator completely misses you. The alligator tail-slaps you!
* * * LOW HITPOINT WARNING * * *
The alligator attacks as you move away! The alligator bites you!!
You die...

..~≈≈.≈≈..#≈≈≈≈#......÷.....#
≈P~≈~#.≈.P~≈##≈#...........#.
≈≈≈≈≈~≈.~.≈≈≈≈≈#............#
#≈##≈≈≈.~~≈≈≈≈≈#............#
#≈≈≈#≈≈~~.~≈#≈#≈............P
#≈≈≈##....~w≈~P≈.............
#≈≈≈≈~.≈≈.#≈~.#............. #≈
#≈≈≈.≈.≈≈≈t~.~≈.............
#≈≈#≈≈..#.≈~~t@≈≈≈.............
#≈≈##.≈~.~≈≈≈P≈≈≈..........#P#
#≈##..~≈..~≈≈≈.≈#≈.........†###
#≈≈~.≈≈≈†~~~≈≈≈≈≈≈..........###
#≈$$~≈#†≈≈.~≈≈≈≈≈≈...........##
#≈≈~≈≈≈##~.~~≈####..........#..
#≈≈#≈#≈≈≈...~≈#≈≈≈..........#.#
#≈#≈≈≈#≈≈..~≈≈≈≈≈≈............+
#≈≈ ≈≈≈≈≈.~#≈≈≈≈≈≈>.........#..


You could see 2 alligators and a tyrant leech.

Vanquished Creatures
  Harold (D:10)
  Fannar (D:10)
  A two-headed ogre (D:8)
  4 death yaks (Lair:4)
  Urug (D:10)
  2 skysharks
  Sonja (Lair:1)
  A fire crab (Lair:2)
  2 orc knights (Bailey)
  A necromancer (D:10)
  2 manticores
  A salamander (Lair:3)
  A cyclops (D:9)
  3 black mambas
  6 cane toads
  A rime drake (Lair:1)
  4 komodo dragons
  4 polar bears
  Prince Ribbit (D:5)
  6 dream sheep (Lair:4)
  Sigmund (D:3)
  4 wyverns
  A wraith (D:10)
  15 yaks
  A human (D:10)
  A steam dragon (Lair:2)
  5 vampire mosquitoes (Lair:4)
  4 swamp worms (Lair:4)
  An acid dragon (D:10)
  9 water moccasins
  3 swamp drakes
  2 ice beasts
  4 sky beasts
  8 orc warriors
  5 wolves (Lair:3)
  2 ogres
  2 black bears (D:7)
  3 centaurs (D:8)
  A phantom (D:5)
  6 kobold brigands
  15 bullfrogs
  2 scorpions
  A water moccasin zombie (D:5)
  25 killer bees
  A howler monkey (D:8)
  2 lava snakes (Lair:3)
  A crimson imp (D:10)
  4 jellies
  4 orc priests
  2 hounds
  A sleepcap (D:6)
  6 iguanas
  10 orc wizards
  Natasha (thrice) (D:2)
  2 yak simulacra (D:10)
  4 polar bear simulacra (D:10)
  A howler monkey zombie (D:5)
  10 gnolls
  6 adders
  A shadow imp (D:6)
  A white imp (D:6)
  An ufetubus (D:5)
  A worm (D:2)
  2 dart slugs
  51 orcs
  6 ball pythons
  18 endoplasms
  12 giant cockroaches
  8 goblins
  7 hobgoblins
  3 jackals (D:1)
  37 kobolds
  3 quokkas
  2 bats (D:2)
  4 frilled lizards
  4 rats
  5 river rat simulacra (D:10)
  A butterfly (Lair:1)
389 creatures vanquished.

Vanquished Creatures (others)
  21 fungi
  22 plants
  8 toadstools (D:3)
51 creatures vanquished.

Grand Total: 440 creatures vanquished

Notes
Turn   | Place    | Note
-------+----------+-------------------------------------------
     0 | D:1      | NinjaNoafa the Draconian Conjurer began the quest for the
                  | Orb.
     0 | D:1      | Reached XP level 1. HP: 14/14 MP: 3/3
   139 | D:1      | Reached XP level 2. HP: 14/20 MP: 0/5
   178 | D:1      | Learned a level 2 spell: Searing Ray
   667 | D:2      | Reached XP level 3. HP: 26/26 MP: 0/7
   871 | D:2      | Reached skill level 3 in Spellcasting
   925 | D:2      | You fall into a shaft and drop 1 floor!
   948 | D:3      | Noticed Sigmund
   955 | D:3      | Killed Sigmund
   956 | D:3      | Reached skill level 4 in Spellcasting
   956 | D:3      | Reached skill level 5 in Conjurations
   956 | D:3      | Reached XP level 4. HP: 33/33 MP: 1/10
   956 | D:3      | Reached XP level 5. HP: 38/38 MP: 1/12
  1078 | D:3      | Reached skill level 5 in Spellcasting
  1107 | D:3      | Reached XP level 6. HP: 45/45 MP: 2/13
  1254 | D:2      | Noticed Natasha
  1260 | D:2      | Killed Natasha
  1277 | D:2      | Noticed Natasha
  1281 | D:2      | Killed Natasha
  1372 | D:2      | Noticed Natasha
  1383 | D:2      | Killed Natasha
  1605 | D:3      | Reached skill level 6 in Spellcasting
  1937 | D:4      | Found a staircase to the Ecumenical Temple.
  1949 | D:4      | Reached skill level 1 in Translocations
  1952 | Temple   | Entered the Ecumenical Temple
  1974 | Temple   | Became a worshipper of Vehumet
  2093 | D:4      | Your scales start taking on a dull iron-grey colour.
  2093 | D:4      | Reached XP level 7. HP: 50/50 MP: 7/16
  2741 | D:5      | Entered Level 5 of the Dungeon
  2857 | D:5      | Noticed Prince Ribbit
  2890 | D:5      | Killed Prince Ribbit
  2891 | D:5      | Reached skill level 7 in Spellcasting
  3128 | D:5      | Reached * piety under Vehumet
  3128 | D:5      | Offered knowledge of Foxfire by Vehumet.
  3224 | D:5      | Reached XP level 8. HP: 51/57 MP: 13/18
  3423 | D:5      | Learned a level 4 spell: Iskenderun's Mystic Blast
  3572 | D:5      | Found a basalt altar of Yredelemnul.
  3644 | D:5      | Found a hide-covered altar of Uskayaw.
  3973 | D:5      | Reached skill level 5 in Translocations
  4111 | D:6      | Reached skill level 8 in Spellcasting
  4115 | D:6      | Learned a level 3 spell: Stone Arrow
  4118 | D:6      | Learned a level 2 spell: Passwall
  4157 | D:6      | Offered knowledge of Shock by Vehumet.
  4157 | D:6      | Reached ** piety under Vehumet
  4158 | D:6      | Reached skill level 1 in Earth Magic
  4164 | D:6      | Reached skill level 1 in Transmutations
  4314 | D:6      | Found a stormy altar of Qazlal.
  4482 | D:6      | Found a shadowy altar of Dithmenos.
  4649 | D:6      | Found a hazy altar of Hepliaklqana.
  4740 | D:7      | Offered knowledge of Ignite Poison by Vehumet.
  4770 | D:7      | Found a shimmering blue altar of Sif Muna.
  4848 | D:7      | Reached XP level 9. HP: 55/62 MP: 6/21
  5091 | D:7      | Reached *** piety under Vehumet
  5104 | D:7      | Found a glowing golden altar of the Shining One.
  5390 | D:7      | Offered knowledge of Sticky Flame by Vehumet.
  5557 | D:8      | Reached skill level 9 in Spellcasting
  5558 | D:8      | Reached skill level 5 in Earth Magic
  5669 | D:8      | Found an ornate altar of the Wu Jian Council.
  5946 | D:8      | Learned a level 2 spell: Blink
  6029 | D:8      | Noticed a two-headed ogre
  6035 | D:8      | Killed a two-headed ogre
  6036 | D:8      | Reached skill level 5 in Transmutations
  6036 | D:8      | Reached XP level 10. HP: 59/69 MP: 7/23
  6184 | D:8      | Reached **** piety under Vehumet
  6197 | D:8      | Found an iron altar of Okawaru.
  6401 | D:9      | Found a staircase to the Lair.
  6406 | D:9      | Offered knowledge of Hailstorm by Vehumet.
  6411 | D:9      | Reached skill level 10 in Spellcasting
  6415 | D:9      | Reached skill level 1 in Fighting
  6729 | D:9      | Noticed a cyclops
  6732 | D:9      | Killed a cyclops
  6811 | D:9      | Learned a level 4 spell: Passage of Golubria
  6811 | D:9      | Found a blossoming altar of Fedhas.
  6819 | D:9      | Found a glowing silver altar of Zin.
  6996 | D:10     | Entered Level 10 of the Dungeon
  7007 | D:10     | Identified 3 scrolls of acquirement
  7015 | D:10     | Noticed a manticore
  7019 | D:10     | Acquired the +10 long sword "Wacaexe" {venom, rF+ rC+ MP+9}
  7025 | D:10     | Acquired 483 gold pieces
  7061 | D:10     | Found a flagged portal.
  7068 | D:10     | Reached ***** piety under Vehumet
  7078 | D:10     | Noticed Urug
  7099 | D:10     | Killed Urug
  7100 | D:10     | Reached XP level 11. HP: 69/84 MP: 8/25
  7126 | Bailey   | Entered a bailey
  7152 | Bailey   | Offered knowledge of Ozocubu's Refrigeration by Vehumet.
  7215 | Bailey   | Noticed an orc knight
  7230 | Bailey   | Killed an orc knight
  7335 | Bailey   | Noticed an orc knight
  7359 | Bailey   | Killed an orc knight
  7382 | Bailey   | Acquired the staff of earth "Jophi" {rElec Will+ Dex+3}
  7704 | D:10     | Reached skill level 5 in Fighting
  7731 | D:10     | Noticed Fannar
  7941 | D:10     | Noticed Harold
  7956 | D:10     | Killed Harold
  7957 | D:10     | Reached skill level 5 in Dodging
  8209 | D:10     | Killed Fannar
  8302 | D:10     | Noticed a necromancer
  8308 | D:10     | Killed a necromancer
  8490 | D:10     | Found a staircase to the Orcish Mines.
  8745 | D:11     | Noticed Nergalle
  8792 | Lair:1   | Entered Level 1 of the Lair of Beasts
  9154 | Lair:1   | Reached skill level 11 in Spellcasting
  9225 | Lair:1   | Noticed Sonja
  9242 | Lair:1   | Killed Sonja
  9243 | Lair:1   | Reached XP level 12. HP: 32/97 MP: 13/27
  9796 | Lair:2   | Found a staircase to the Shoals.
  9809 | Lair:2   | Reached skill level 1 in Evocations
 10528 | Lair:3   | Found a staircase to the Snake Pit.
 10728 | Lair:3   | Offered knowledge of Orb of Destruction by Vehumet.
 11396 | Lair:4   | Noticed a death yak
 11397 | Lair:4   | Noticed a death yak
 11397 | Lair:4   | Noticed a death yak
 11398 | Lair:4   | Noticed a death yak
 11413 | Lair:4   | Killed a death yak
 11417 | Lair:4   | Killed a death yak
 11426 | Lair:4   | Killed a death yak
 11437 | Lair:4   | Killed a death yak
 11474 | Lair:4   | Noticed an alligator
 11660 | Lair:4   | Learned a level 7 spell: Orb of Destruction
 11679 | Lair:4   | Reached XP level 13. HP: 108/108 MP: 12/28
 11687 | Lair:4   | Reached skill level 12 in Spellcasting
 11687 | Lair:4   | Reached skill level 5 in Evocations
 11872 | Lair:4   | Slain by an alligator

Illustrated notes

Levels and vault maps discovered:
D:1:      lemuel_arrival_muddy, layout_rooms
D:2:      minmay_roachtagon, layout_rooms, uniq_natasha
D:3:      cheibrodos_fertilizer, layout_basic, uniq_sigmund
D:4:      layout_loops_ring, minmay_temple_entry_mini_moons
D:5:      layout_loops_corners, lemuel_zombie_altar_yredelemnul,
          nicolae_uskayaw_suspiria, serial_rivers,
          chequers_serial_rivers_micro_c, chequers_serial_rivers_small_3,
          chequers_serial_rivers_micro_a, chequers_serial_rivers_small_3,
          uniq_prince_ribbit1
D:6:      layout_rooms, old_standard_altar, worldfamousw_hep_ancestral_shrine,
          general_overflow_altar
D:7:      layout_basic, tso_oasis_becter, mainiacjoe_overflow_tiny_flanked
D:8:      layout_gridville, amcnicky_altar_gilded,
          mainiacjoe_overflow_concentric_impassable,
          hangedman_abyss_or_decor_slice, minmay_circle_x
D:9:      layout_basic, mainiacjoe_overflow_catwalk_spiral,
          minmay_lair_entry_grove
D:10:     layout_loops_ring, erik_orc_1, enter_bailey_8, minivault_11,
          hangedman_stone_soup, st_stairs_13,
          hangedman_abyss_or_decor_jellyfish_corner, eino_house_with_fridge,
          uniq_fannar, uniq_harold, uniq_urug
D:11:     layout_roguey, uniq_nergalle, uniq_grum
Temple:   jpeg_temple_clearing
Lair:1:   layout_small_grid, grunt_megastairs_5, lemuel_fruit_fields, uniq_sonja
Lair:2:   layout_big_grid, shoals_dummy_entry
Lair:3:   layout_roguey, nicolae_snake_entry_warm_welcome
Lair:4:   onia_ninara_swampy_vault, layout_regular_city,
          pdpol_lair_cabin_in_the_woods, infiniplex_staircase_pool

Skill      XL: |  1  2  3  4  5  6  7  8  9 10 11 12 13 |
---------------+----------------------------------------+-----
Spellcasting   | 4 5 6 7 8 9 10 11 12 | 12.0
Conjurations   | 5 7 8 |  8.1
Translocations | 1 4 5 7 8 9 |  9.0
Earth Magic    | 3 5 7 |  7.0
Transmutations | 2 5 |  5.0
Fighting       | 4 6 8 |  8.7
Dodging        | 3 6 7 |  7.5
Evocations     | 4 5 |  5.0
Stealth        | |  1.7

Action                     |  1- 3 |  4- 6 |  7- 9 | 10-12 | 13-15 || total
---------------------------+-------+-------+-------+-------+-------++-------
  Melee: Unarmed           |    13 |       |       |       |       ||    13
         Tailslap          |     3 |     2 |     1 |    13 |       ||    19
         Punch             |     1 |       |       |     1 |       ||     2
         Short sword       |    29 |    10 |    19 |     5 |       ||    63
         Mace              |     1 |       |       |       |       ||     1
         Long sword        |       |       |       |    12 |       ||    12
         Staff             |       |       |       |    40 |     1 ||    41
  Throw: Javelin           |       |       |       |     1 |       ||     1
   Cast: Magic Dart        |    48 |    22 |     5 |       |       ||    75
         Searing Ray       |     7 |    22 |    32 |       |       ||    61
         Iskenderun's Myst |       |       |    34 |   107 |    10 ||   151
         Stone Arrow       |       |       |    48 |   158 |     8 ||   214
         Passwall          |       |       |     1 |     4 |       ||     5
         Blink             |       |       |       |     2 |       ||     2
         Passage of Golubr |       |       |       |     2 |       ||     2
  Evoke: Wand              |       |       |       |    11 |       ||    11
    Use: Potion            |       |       |     2 |     4 |       ||     6
         Scroll            |       |       |     3 |    15 |     1 ||    19
   Stab: Confused          |       |       |       |     1 |       ||     1
 Armour: Skin              |    35 |     9 |    72 |   127 |    14 ||   257
  Dodge: Dodged            |    62 |    32 |   146 |   270 |    37 ||   547

Table legend: (Time is in decaauts)
 A = Elapsed time spent in this place.
 B = Non-inter-level travel time spent in this place.
 C = Inter-level travel time spent in this place.
 D = Time resting spent in this place.
 E = Time spent auto-exploring this place.
 F = Levels seen in this place.
 G = Mean time per level.
                   A        B        C        D        E       F      G
               +--------+--------+--------+--------+--------+-----+--------+
         Total |  11950 |  10838 |   1112 |   1303 |   6794 |  17 |  702.9 |
       Dungeon |   8281 |   7522 |    759 |    551 |   4968 |  11 |  752.8 |
        Temple |    116 |     98 |     18 |      0 |     82 |   1 |  116.0 |
          Lair |   3103 |   2769 |    334 |    532 |   1681 |   4 |  775.8 |
        Bailey |    448 |    448 |      0 |    220 |     63 |   1 |  448.0 |
               +--------+--------+--------+--------+--------+-----+--------+

Top non-repeatable levels by time:
  Lair:1: 1183 daAuts
     D:5: 1163 daAuts
    D:10: 1144 daAuts
     D:3: 966 daAuts
     D:8: 914 daAuts
     D:7: 891 daAuts
  Lair:3: 855 daAuts
     D:4: 739 daAuts
     D:9: 727 daAuts
     D:1: 622 daAuts
     D:6: 584 daAuts
  Lair:4: 534 daAuts
  Lair:2: 530 daAuts
     D:2: 519 daAuts
  Bailey: 448 daAuts
